 Dungeon Crawl Stone Soup version 0.29.1-1-gd02db6906a (webtiles) character file.

Game seed: 3506820507185183273

367 Ashen the Chiller (level 6, -1/39 (46) HPs)
             Began as a Demonspawn Ice Elementalist on Sept 15, 2022.
             Slain by a necrophage (6 damage)
             ... on level 4 of the Dungeon.
             The game lasted 00:09:32 (4258 turns).

Ashen the Chiller (Demonspawn Ice Elementalist)     Turns: 4258, Time: 00:09:32

HP:   -1/39 (46)    AC:  3    Str:  8    XL:     6   Next: 41%
MP:   10/10         EV: 13    Int: 18    God:
Gold: 171           SH:  0    Dex: 14    Spells: 4/11 levels left

rFire   . . .      SeeInvis .   y - +2 dagger (venom)
rCold   . . .      Faith    .   (no shield)
rNeg    . . .      Spirit   .   a - +0 robe
rPois   .          Reflect  .   (helmet restricted)
rElec   .          Harm     .   r - +0 cloak
rCorr   .          Rampage  .   (no gloves)
Will    .....                   (no boots)
Stlth   ++........              (no amulet)
HPRegen 0.13/turn               (no ring)
MPRegen 0.12/turn               (no ring)

@: heavily drained
A: antennae 1, foul stench 1, powered by death 1
a: no special abilities


You were on level 4 of the Dungeon.
You visited 1 branch of the dungeon, and saw 4 of its levels.
You also visited: Sewer.

You collected 171 gold pieces.

Inventory:

Hand Weapons
 y - a +2 dagger of venom (weapon)
Missiles
 k - 3 javelins
Armour
 a - a +0 robe (worn)
 r - a +0 cloak (worn)
Jewellery
 b - a +4 ring of protection
Wands
 l - a wand of polymorph (7)
 s - a wand of charming (7)
 t - a wand of roots (16)
Scrolls
 c - 9 scrolls of identify {unknown}
 d - a scroll of fear {unknown}
 e - a scroll of torment {unknown}
 f - 2 scrolls of enchant armour {unknown}
 g - 3 scrolls of teleportation {unknown}
 n - a scroll of blinking {unknown}
 o - 3 scrolls of immolation {unknown}
 q - a scroll of vulnerability {unknown}
Potions
 h - 2 potions of haste {unknown}
 i - 2 potions of mutation {unknown}
 j - 2 potions of attraction {unknown}
 m - 3 potions of curing
 p - a potion of degeneration {unknown}
 v - 3 potions of flight
 w - 3 potions of heal wounds


   Skills:
 + Level 2.6 Fighting
 + Level 3.1 Dodging
 + Level 3.4 Stealth
 + Level 3.2 Spellcasting
 + Level 4.5 Ice Magic


You had 4 spell levels left.
You knew the following spells:

 Your Spells              Type           Power      Damage    Failure   Level
a - Freeze                Ice            76%        1d9       2%          1
b - Frozen Ramparts       Ice            38%        1d6       8%          3
c - Ozocubu's Armour      Ice            19%        N/A       8%          3

Your spell library contained the following spells:

 Spells                   Type           Power      Damage    Failure   Level
 Ensorcelled Hibernation  Hex/Ice        22%        N/A       10%         2
 Passwall                 Tmut/Erth      1%         N/A       24%         2
 Swiftness                Air            2%         N/A       43%         3
 Hailstorm                Conj/Ice       11%        3d5       54%         4


Dungeon Overview and Level Annotations

Branches:
Dungeon (4/15)              Sewer (visited)
 Temple: D:4-7

Altars:
Ashenzari
Hepliaklqana
Trog
Wu Jian
Xom


Innate Abilities, Weirdness & Mutations

You have a pair of small antennae on your head.
You may rarely emit foul miasma when damaged in melee.
You regenerate a little health from kills.


Message History

You are frozen.
* * * LOW HITPOINT WARNING * * *
You hit the necrophage.
The necrophage is heavily damaged.
The necrophage hits you but does no damage.
The endoplasm barely misses you. The endoplasm attacks as you move away!
The endoplasm barely misses you.
The necrophage attacks as you move away!
The necrophage closely misses you. The endoplasm attacks as you move away!
The endoplasm misses you.
The necrophage attacks as you move away!
The necrophage barely misses you.
Unknown command.
You hit the necrophage.
The necrophage is heavily damaged.
The necrophage hits you.
* * * LOW HITPOINT WARNING * * *
You feel drained.
You hit the necrophage.
The necrophage is severely damaged.
The necrophage misses you.
You hit the necrophage but do no damage.
The necrophage is severely damaged.
The necrophage hits you!
* * * LOW HITPOINT WARNING * * *
You feel drained.
* * * LOW HITPOINT WARNING * * *
You barely miss the necrophage.
The necrophage is severely damaged.
The necrophage misses you.
You hit the necrophage but do no damage.
The necrophage is severely damaged.
The necrophage closely misses you.
You closely miss the necrophage.
The necrophage is severely damaged.
The necrophage barely misses you.
You closely miss the necrophage.
The necrophage is severely damaged.
The necrophage hits you.
You die...

#...........# #...........#
#......?....# #...........#
####### #*** #...........#
#.....# .,,* #...........#
#.###.### .,,* #...........#
#.# #...#
.,,*######...#########.# ###.#
.,,,,..>......Jn@......# #.#
#####+#.####################.#
#..........<..#...........##.#
#.........#.....#########.##.#
#...........#...........#.##.#
##....#+###..).....[..#^#.##.#
............#########.#...##.#
)..##....##+#### #.####...#
....#....#.....# #.#....###


You could see a necrophage and an endoplasm.

Vanquished Creatures
  A black bear (D:4)
  A kobold brigand (Sewer)
  2 hounds (D:4)
  Robin (D:4)
  A river rat (Sewer)
  4 adders
  2 worms
  4 endoplasms
  4 giant cockroaches
  13 goblins
  10 hobgoblins
  A jackal (Sewer)
  12 kobolds
  4 quokkas
  7 ball pythons
  6 bats
  12 rats
85 creatures vanquished.

Notes
Turn   | Place    | Note
-------+----------+-------------------------------------------
     0 | D:1      | Ashen the Demonspawn Ice Elementalist began the quest for
                  | the Orb.
     0 | D:1      | Reached XP level 1. HP: 13/13 MP: 3/3
    83 | D:1      | Found a faded altar of an unknown god.
   249 | D:1      | Discovered your monstrous ancestry.
   249 | D:1      | Gained mutation: You have a pair of small antennae on your
                  | head. [demonic ancestry]
   249 | D:1      | Reached XP level 2. HP: 20/20 MP: 3/5
   732 | D:1      | Reached skill level 1 in Fighting
   903 | D:2      | Gained mutation: You may rarely emit foul miasma when
                  | damaged in melee. [demonic ancestry]
   903 | D:2      | Reached XP level 3. HP: 17/26 MP: 2/6
  1457 | D:2      | Found a bloodstained altar of Trog.
  1644 | D:3      | Found an ornate altar of the Wu Jian Council.
  1644 | D:3      | Found a shimmering altar of Xom.
  1649 | D:3      | Found a hazy altar of Hepliaklqana.
  1752 | D:3      | Learned a level 3 spell: Frozen Ramparts
  2290 | D:3      | Reached skill level 4 in Ice Magic
  2290 | D:3      | Reached XP level 4. HP: 32/32 MP: 3/7
  2620 | D:4      | Learned a level 3 spell: Ozocubu's Armour
  2644 | D:4      | Found a glowing drain.
  2811 | Sewer    | Entered a sewer
  2967 | Sewer    | Noticed a kobold brigand
  2989 | Sewer    | Killed a kobold brigand
  2990 | Sewer    | Reached XP level 5. HP: 14/38 MP: 0/9
  3277 | D:4      | Identified the +0 helmet "Kion" {rPois rN+}
  3277 | D:4      | Noticed Robin
  3297 | D:4      | Killed Robin
  3413 | D:4      | Found a broken altar of Ashenzari.
  3524 | D:4      | Noticed a black bear
  3536 | D:4      | Killed a black bear
  3537 | D:4      | Gained mutation: You regenerate a little health from kills.
                  | [demonic ancestry]
  3537 | D:4      | Reached XP level 6. HP: 20/46 MP: 8/10
  4258 | D:4      | Slain by a necrophage

Illustrated notes

Levels and vault maps discovered:
D:1:      tarquinn_simple_flora_water_e, layout_basic,
          shapermc_ecumenical_altar_venn
D:2:      layout_rooms, basic_altar
D:3:      layout_loops_ring, grunt_temple_overflow_open
D:4:      layout_basic, nicolae_ashenzari_panopticon, portal_sewer_entry_a,
          uniq_robin

Skill      XL: |  1  2  3  4  5 |
---------------+----------------+-----
Stealth        | 2 3 |  3.4
Dodging        | 2 3 |  3.1
Fighting       | 1 2 |  2.6
Ice Magic      | 4 |  4.5
Spellcasting   | 3 |  3.2

Action                   |  1- 3 |  4- 6 || total
-------------------------+-------+-------++-------
Melee: Unarmed           |    48 |    13 ||    61
       Dagger            |       |    45 ||    45
       Whip              |       |     7 ||     7
 Cast: Freeze            |    65 |    26 ||    91
       Frozen Ramparts   |       |     6 ||     6
  Use: Potion            |     2 |     1 ||     3
       Scroll            |       |     2 ||     2
 Stab: Sleeping          |     2 |     3 ||     5
Armor: Robe              |    24 |     9 ||    33
Dodge: Dodged            |    69 |    53 ||   122
